 Dungeon Crawl Stone Soup version 0.22.1-2-g9c5b331 (webtiles) character file.

513458 HoaS the Wrestler (level 25, -9/169 HPs)
             Began as a Gargoyle Berserker on Dec 31, 2018.
             Was the Champion of Trog.
             Splashed by an acid blob's acid (13 damage)
             ... on level 4 of the Depths.
             The game lasted 03:07:59 (51032 turns).

HoaS the Wrestler (Gargoyle Berserker)             Turns: 51032, Time: 03:08:00

Health: -9/169     AC: 42    Str: 26    XL:     25   Next: 14%
Magic:  23/23      EV: 32    Int:  9    God:    Trog [******]
Gold:   2045       SH:  0    Dex: 21    Spells: 24/24 levels left

rFire    + . .     SeeInvis +     - Unarmed
rCold    + . .     Gourm    .   (no shield)
rNeg     + + .     Faith    .   p - +10 gold dragon scales
rPois    ∞         Spirit   .   a - +0 mask of the Dragon {MR+ Slay+3 SInv}
rElec    +         Reflect  .   C - +2 cloak {+Inv}
rCorr    .         Harm     .   n - +2 pair of gloves "Tievohec" {*Drain rN+ Dex+6}
MR       ++...                  I - +2 pair of boots
Stlth    ..........             R - amulet of the acrobat
HPRegen  0.38/turn              L - +6 ring of slaying
MPRegen  0.18/turn              K - +5 ring of slaying

@: corroded, flying
A: big wings, deformed body, negative energy resistance 1, electricity
resistance, unbreathing, petrification resistance, rot immunity, AC +19
}: 3/15 runes: decaying, silver, gossamer
a: Stop Flying, Berserk, Trog's Hand, Brothers in Arms, Renounce Religion, Evoke
Invisibility


You were on level 4 of the Depths.
You worshipped Trog.
Trog was exalted by your worship.
You were not hungry.

You visited 8 branches of the dungeon, and saw 43 of its levels.
You also visited: Bailey, Ice Cave and Desolation.

You collected 8238 gold pieces.
You spent 6193 gold pieces at shops.

Inventory:

Armour
 a - the +0 mask of the Dragon (worn) {MR+ Slay+3 SInv}
   (You bought it in a shop on level 2 of the Orcish Mines)

   It affects your accuracy and damage with ranged weapons and melee attacks
   (+3).
   It affects your resistance to hostile enchantments.
   It lets you see invisible.
 n - the +2 pair of gloves "Tievohec" (worn) {*Drain rN+ Dex+6}
   (You found it on level 10 of the Dungeon)

   It affects your dexterity (+6).
   It protects you from negative energy.
   It causes draining when unequipped.
 p - +10 gold dragon scales (worn)
 q - a scarf of cloud immunity
 C - a +2 cloak of invisibility (worn)
 I - a +2 pair of boots (worn)
Jewellery
 c - an uncursed ring of positive energy
 B - an uncursed ring of protection from magic
 G - an uncursed ring of protection from magic
 K - a +5 ring of slaying (right hand)
 L - a +6 ring of slaying (left hand)
 Q - an uncursed ring of protection from fire
 R - an amulet of the acrobat (around neck)
 Y - the ring of Koryeli {rC++ Dex+4}
   (You found it in the Desolation of Salt)

   [ring of dexterity]

   It affects your dexterity (+4).
   It greatly protects you from cold.
Wands
 j - a wand of flame (195)
 o - a wand of random effects (72)
 s - a wand of paralysis (22)
 v - a wand of polymorph (70)
 y - a wand of iceblast (24)
 F - a wand of acid (11)
 H - a wand of digging (21)
 J - a wand of clouds (11)
 N - a wand of disintegration (31)
Scrolls
 d - 4 scrolls of fog
 g - 17 scrolls of teleportation
 i - 17 scrolls of remove curse
 m - a scroll of holy word
 r - 3 scrolls of magic mapping
 t - 7 scrolls of blinking
 D - 6 scrolls of identify
 M - a scroll of brand weapon
 U - 2 scrolls of fear
Potions
 e - 4 potions of berserk rage
 f - 5 potions of heal wounds
 h - 11 potions of curing
 k - 6 potions of flight
 l - 10 potions of haste
 u - 4 potions of lignification
 w - 3 potions of agility
 x - 2 potions of cancellation
 z - 3 potions of might
 A - 7 potions of mutation
 O - 3 potions of ambrosia
 V - a potion of resistance
Comestibles
 b - 97 rations
 E - 11 chunks of flesh


   Skills:
 + Level 20.7 Fighting
 + Level 20.6 Armour
 + Level 16.6 Dodging
 * Level 25.3 Unarmed Combat


You had 24 spell levels left.
You didn't know any spells.
Your spell library was empty.

Dungeon Overview and Level Annotations

Branches:
Dungeon (15/15)            Temple (0/1) D:5            Lair (6/6) D:9
  Swamp (4/4) Lair:3       Spider (4/4) Lair:2        Slime (0/5) Lair:6
    Orc (2/2) D:10            Elf (3/3) Orc:2        Vaults (5/5) D:14
  Crypt (0/3) Vaults:2     Depths (4/5) D:15

Altars:
Ashenzari
Fedhas
Gozag
Makhleb
Ru
Sif Muna
Xom
Zin
Beogh
Jiyva

Shops:
Orc:2 ?(=[*   Vaults:5 ![!%   Depths:1 *[[   Depths:3 [   Depths:4 *

Portals:
Hell: Depths:1 Depths:2 Depths:3
Pandemonium: Depths:3

Annotations:
Lair:4 exclusion: oklob plant
Lair:5 exclusion: oklob plant
Spider:4 exclusion: Roxanne, Roxanne
Depths:4 6 runed doors


Innate Abilities, Weirdness & Mutations

You are resistant to torment.
Your stone body is resilient. (AC +19)
You are immune to poison.
Your large and strong wings let you fly indefinitely.
You resist negative energy. (rN+)
You are resistant to electric shocks. (rElec)
You can survive without breathing.
You are immune to petrification.
You are immune to rotting.
Armour fits poorly on your strangely shaped body.


Message History

The great orb of eyes bites you but does no damage.
You pummel the great orb of eyes like a punching bag!!!
You kill the great orb of eyes!
Trog accepts your kill. The acid blob hits you!
* * * LOW HITPOINT WARNING * * *
You are splashed with acid!
The acid burns!
* * * LOW HITPOINT WARNING * * *
The ooze misses you. The acid blob spits acid at you.
The splash of acid misses you. The acid blob spits acid at you.
The splash of acid hits you! The acid corrodes you!
You are splashed with acid!
The acid burns!
* * * LOW HITPOINT WARNING * * *
The acid blob spits acid at you. The splash of acid hits you!
* * * LOW HITPOINT WARNING * * *
You are splashed with acid!
The acid burns!
You die...

....... ......
..... ...# ..#
#######J#
#.._JGJJ#
#...JJ#.# #...J
#@# #..# #.# #.
#.# # ###.# #..$#
#...# ######
#.).#
#.#..###(.(######
#.##..(....†.)..#


You could see an acid blob and 2 oozes.

Vanquished Creatures
  2 ancient liches (Vaults:5)
  Margery (Vaults:4)
  Frederick (Vaults:4)
  A golden dragon (Depths:4)
  A bone dragon (Swamp:4)
  2 liches
  The ghost of Goblin1989 the Severer, an adept DDFi of Makhleb (Vaults:2)
  3 tentacled monstrosities
  2 titans (Vaults:5)
  Asterion (Elf:1)
  2 deep elf blademasters (Elf:3)
  A deep elf master archer (Elf:3)
  2 quicksilver dragons (Vaults:5)
  3 acid blobs (Depths:4)
  2 shadow dragons
  2 sphinxes
  2 thorn hunters (Swamp:1)
  Agnes (Elf:1)
  A storm dragon (Vaults:5)
  2 tengu reavers (Vaults:5)
  7 frost giants
  10 fire giants
  3 orc warlords
  4 azure jellies (Depths:4)
  6 emperor scorpions
  5 deep elf sorcerers
  7 ghost moths
  An emperor scorpion (shapeshifter) (Vaults:5)
  12 vault wardens
  16 ironheart preservers
  A war gargoyle (Vaults:5)
  A spriggan defender (Depths:2)
  An entropy weaver (shapeshifter) (Vaults:5)
  4 entropy weavers
  24 stone giants
  13 very ugly things
  3 deep elf demonologists
  3 deep elf annihilators (Elf:3)
  The ghost of Tioxzy the Earth Mage, a journeyman DEEE of Sif Muna (Lair:5)
  3 spark wasps
  4 deep elf death magi
  A blizzard demon (Depths:3)
  4 crystal guardians
  14 ettins
  Josephine (Spider:1)
  2 death oozes (Depths:4)
  14 yaktaur captains
  3 deep elf high priests (Elf:3)
  9 fire dragons
  5 ragged hierophants (Desolation)
  The ghost of verb the Cleaver, a journeyman DrBe of Trog (D:11)
  4 great orbs of eyes
  7 servants of whispers (Desolation)
  Harold (D:7)
  4 rakshasas
  25 vault guards
  5 peacekeepers (Desolation)
  22 hydras
  Erolcha (D:13)
  5 ice dragons
  Erica (D:8)
  3 death knights
  14 centaur warriors
  17 alligators
  16 two-headed ogres
  2 hell hogs (Depths:1)
  12 ogre magi
  5 tengu warriors
  10 deep troll earth magi
  2 vampire magi
  8 deep troll shamans
  Urug (Lair:5)
  The ghost of bmj180 the Carver, a novice HuFi of Ashenzari (D:7)
  29 dancing weapons
  An orc high priest (Orc:2)
  12 death yaks
  2 spriggan berserkers
  Nergalle (D:11)
  5 hell knights
  A soul eater (Depths:3)
  16 deep elf knights
  A shock serpent (shapeshifter) (Vaults:5)
  An iron troll (Depths:2)
  A sun demon (Depths:3)
  14 skeletal warriors
  4 shadow wraiths
  A fire crab (shapeshifter) (Vaults:3)
  4 unseen horrors
  3 spriggan druids (Swamp:2)
  A sea snake (shapeshifter) (Depths:3)
  A wizard (Vaults:2)
  A swamp dragon (Swamp:2)
  3 flayed ghosts
  3 shambling mangroves
  3 glowing orange brains
  26 deep trolls
  A lindwurm (Lair:6)
  Pikel (D:8)
  3 spectral hydras (Swamp:4)
  5 phantasmal warriors
  11 deep elf archers
  22 ironbrand convokers
  A tengu zombie (Vaults:4)
  6 necromancers
  5 harpies
  8 orc sorcerers
  26 orc knights
  4 human zombies (Vaults:4)
  18 orb spiders
  54 deep elf magi
  A faun (shapeshifter) (Vaults:3)
  2 orb spiders (shapeshifter)
  6 cyclopes
  A stone giant zombie (Vaults:3)
  25 wolf spiders
  2 manticores
  28 ugly things
  3 centaur zombies
  A sphinx skeleton (Vaults:4)
  2 moths of wrath
  2 frost giant zombies (Vaults:4)
  2 manticores (shapeshifter) (Depths:2)
  Maurice (D:8)
  18 vault sentinels
  2 black mambas
  A guardian serpent (Desolation)
  3 ice statues (IceCv)
  18 spiny frogs
  2 gargoyles
  5 torpor snails (Lair:6)
  Psyche (D:8)
  A storm dragon simulacrum (Vaults:4)
  65 yaktaurs
  5 swamp worm zombies (Swamp:4)
  7 komodo dragons
  3 kobold demonologists
  An efreet (D:14)
  7 freezing wraiths
  A rime drake (Lair:6)
  14 demonic crawlers
  7 ice devils (IceCv)
  A yaktaur skeleton (Vaults:3)
  3 tengu conjurers
  A troll (shapeshifter) (Vaults:3)
  A red devil (Depths:3)
  A wandering mushroom (Lair:6)
  A harpy zombie (D:15)
  3 meliai (D:13)
  32 jumping spiders
  A meliai (shapeshifter) (Vaults:1)
  3 hydra zombies (Swamp:4)
  30 hornets
  Grinder (D:5)
  10 tyrant leeches
  2 hornets (shapeshifter)
  10 polar bears
  A sphinx simulacrum (Vaults:3)
  14 trolls
  A polar bear (shapeshifter) (Vaults:2)
  9 hippogriffs
  A raiju (Lair:6)
  A raiju (shapeshifter) (Depths:3)
  24 slime creatures
  18 dream sheep
  45 saltlings (Desolation)
  30 blink frogs
  A spectral swamp dragon (Swamp:4)
  3 alligator zombies (Swamp:4)
  8 bog bodies
  27 tarantellas
  11 spriggans
  4 shadows
  2 air elementals
  An ettin skeleton (Vaults:4)
  2 vampires
  A spriggan (shapeshifter) (D:13)
  65 redbacks
  9 wraiths
  20 yaks
  A tarantella (shapeshifter) (Vaults:2)
  3 water elementals (D:15)
  2 wyverns
  2 fire elementals
  4 basilisks (Lair:5)
  2 chaos spawn (Depths:3)
  A neqoxec (Depths:3)
  2 hungry ghosts
  10 vampire mosquitoes
  A steam dragon (Lair:4)
  16 wargs
  24 insubstantial wisps
  6 acid dragons
  11 swamp worms
  A floating eye (shapeshifter) (Vaults:5)
  7 water moccasins
  5 swamp drakes
  Duvessa (D:4)
  23 hell hounds
  6 porcupines
  An eye of draining (shapeshifter) (D:14)
  3 sky beasts
  47 orc warriors
  6 ice beasts
  19 ogres
  A necrophage (D:8)
  11 phantoms
  26 centaurs
  5 boggarts
  4 swamp dragon zombies (Swamp:4)
  14 black bears
  27 wolves
  10 crocodiles
  6 human skeletons
  3 big kobolds (D:12)
  Blork the orc (D:5)
  2 wyvern zombies
  An earth elemental (Elf:2)
  19 bullfrogs
  Dowan (D:4)
  3 scorpions
  A wyvern skeleton (D:7)
  17 killer bees
  An orc simulacrum (Vaults:1)
  5 howler monkeys
  4 wights (D:6)
  A spectral bullfrog (D:11)
  8 electric eels
  9 crimson imps
  3 quasits
  2 draconian simulacra (IceCv)
  7 hounds
  6 bullfrog zombies
  10 jellies
  A bullfrog skeleton (D:11)
  34 orc wizards
  27 orc priests
  Crazy Yiuf (D:7)
  2 centaur skeletons
  2 iron imps (Depths:3)
  14 iguanas
  2 troll simulacra (IceCv)
  9 worker ants
  3 spectral swamp drakes (Swamp:4)
  A spriggan simulacrum (IceCv)
  2 bullfrog simulacra (D:11)
  4 centaur simulacra
  2 worker ant zombies
  Robin (D:3)
  A howler monkey skeleton (D:5)
  14 adders
  A swamp drake zombie (Swamp:4)
  2 naga simulacra (IceCv)
  4 shadow imps
  11 white imps (Orc:1)
  2 ufetubi (Depths:3)
  2 oozes
  An adder skeleton (D:4)
  3 worms
  A dart slug (D:1)
  8 leopard geckos
  113 orcs
  8 giant cockroaches
  18 goblins
  15 hobgoblins
  11 jackals
  12 kobolds
  4 quokkas
  A ball python (D:4)
  5 bats
  7 frilled lizards
  7 rats
  5 plants (Lair:6)
2089 creatures vanquished.

Vanquished Creatures (collateral kills)
  A deep elf sorcerer (Elf:3)
  A deep elf elementalist (Elf:3)
  A deep elf death mage (Elf:3)
  3 servants of whispers (Desolation)
  2 deep elf magi (Elf:3)
  A guardian serpent (Desolation)
  A saltling (Desolation)
10 creatures vanquished.

Vanquished Creatures (others)
  A deep elf death mage (Vaults:2)
  A spriggan druid (Swamp:4)
  A deep elf mage (Elf:2)
  A redback (Spider:1)
  A slave (D:8)
  4 orc warriors
  A swamp drake (Swamp:4)
  A centaur (Depths:3)
  A crimson imp (Depths:3)
  An orc priest (Vaults:2)
  An orc wizard (Orc:2)
  A white imp (Orc:1)
  3 briar patches (Swamp:1)
  3 fungi (D:8)
  41 plants
62 creatures vanquished.

Grand Total: 2161 creatures vanquished

Notes
Turn   | Place    | Note
-------+----------+-------------------------------------------
     0 | D:1      | HoaS the Gargoyle Berserker began the quest for the Orb.
     0 | D:1      | Reached XP level 1. HP: 14/14 MP: 1/1
   180 | D:1      | Reached XP level 2. HP: 15/19 MP: 2/2
   817 | D:1      | Reached XP level 3. HP: 23/23 MP: 3/3
  1003 | D:1      | Reached ** piety under Trog
  1448 | D:2      | Found a burning altar of Makhleb.
  1689 | D:2      | Found a glowing silver altar of Zin.
  1842 | D:2      | Reached XP level 4. HP: 21/29 MP: 4/4
  2210 | D:2      | Reached skill level 4 in Unarmed Combat
  2464 | D:3      | Noticed Robin
  2497 | D:3      | Killed Robin
  2497 | D:3      | Reached XP level 5. HP: 29/33 MP: 5/5
  2866 | D:3      | Reached *** piety under Trog
  3317 | D:4      | Reached XP level 6. HP: 30/39 MP: 6/6
  3545 | D:4      | Reached skill level 5 in Unarmed Combat
  3777 | D:4      | Noticed Duvessa
  3777 | D:4      | Noticed Dowan
  3815 | D:4      | Killed Duvessa
  3815 | D:4      | Reached XP level 7. HP: 43/44 MP: 7/7
  3831 | D:4      | Killed Dowan
  3831 | D:4      | Reached skill level 5 in Fighting
  4273 | D:5      | Entered Level 5 of the Dungeon
  4337 | D:5      | Noticed Grinder
  4424 | D:5      | Reached skill level 6 in Unarmed Combat
  4438 | D:5      | Paralysed by Grinder for 5 turns
  4454 | D:5      | Paralysed by Grinder for 3 turns
  4467 | D:5      | Paralysed by Grinder for 3 turns
  4472 | D:5      | Killed Grinder
  4472 | D:5      | Reached XP level 8. HP: 50/50 MP: 8/8
  4610 | D:5      | Found a staircase to the Ecumenical Temple.
  4648 | D:5      | Reached skill level 5 in Armour
  4653 | D:5      | Found a blossoming altar of Fedhas.
  5136 | D:6      | Noticed Blork the orc
  5163 | D:5      | Reached skill level 7 in Unarmed Combat
  5176 | D:5      | Killed Blork the orc
  5236 | D:6      | Reached **** piety under Trog
  5326 | D:6      | Reached XP level 9. HP: 3/56 MP: 9/9
  6062 | D:7      | Reached skill level 8 in Unarmed Combat
  6193 | D:7      | HP: 2/57 [wyvern skeleton (5)]
  6519 | D:7      | Reached skill level 5 in Dodging
  6602 | D:7      | Noticed Harold
  6940 | D:7      | Killed Harold
  6940 | D:7      | Reached skill level 9 in Unarmed Combat
  6940 | D:7      | Reached XP level 10. HP: 39/64 MP: 10/10
  7097 | D:7      | HP: 2/64 [orc warrior/halberd (15)]
  7631 | D:7      | Found a runed door.
  7635 | D:7      | Noticed Crazy Yiuf
  7640 | D:7      | Killed Crazy Yiuf
  7989 | D:8      | Noticed Psyche
  8002 | D:8      | Killed Psyche
  8058 | D:8      | Noticed Pikel
  8096 | D:8      | Killed Pikel
  8096 | D:8      | Reached skill level 10 in Unarmed Combat
  8173 | D:8      | Found a shattered altar of Ashenzari.
  8173 | D:8      | Found a deep blue altar of Sif Muna.
  8200 | D:8      | Found a runed door.
  8202 | D:8      | Noticed bmj180's ghost (novice HuFi)
  8258 | D:8      | Reached ***** piety under Trog
  8414 | D:8      | Noticed Erica
  8430 | D:8      | Killed Erica
  8544 | D:8      | Noticed Maurice
  8558 | D:8      | Killed Maurice
  8712 | D:8      | Found a shimmering altar of Xom.
  8779 | D:8      | Reached XP level 11. HP: 69/69 MP: 11/11
  8896 | D:7      | Killed bmj180's ghost
  8958 | D:8      | Reached skill level 11 in Unarmed Combat
  8978 | D:8      | HP: 5/106 [spriggan/spear (1)]
  9662 | D:9      | Received a gift from Trog
  9823 | D:9      | Found a staircase to the Lair.
 10132 | D:10     | Entered Level 10 of the Dungeon
 10159 | D:10     | Got a shimmering leather armour
 10189 | D:10     | Identified the +0 leather armour of the Realm of Zot {rN++
                  | Regen+ Dex-3 Stlth+} (You found it on level 10 of the
                  | Dungeon)
 10219 | D:10     | Found a staircase to the Orcish Mines.
 10305 | D:10     | Got a pair of twisted gloves
 10316 | D:10     | Identified the +2 pair of gloves "Tievohec" {*Drain rN+
                  | Dex+6} (You found it on level 10 of the Dungeon)
 10874 | D:11     | Noticed Nergalle
 10892 | D:11     | Killed Nergalle
 10936 | D:11     | Killed an unseen horror
 11115 | D:11     | Noticed a red ugly thing
 11125 | D:11     | Killed a red ugly thing
 11125 | D:11     | Reached skill level 12 in Unarmed Combat
 11156 | D:11     | Noticed Sonja
 11158 | D:11     | Noticed Sonja
 11158 | D:11     | Sonja changed into Sonja the ice beast
 11161 | D:11     | Killed Sonja the ice beast
 11217 | D:11     | Reached XP level 12. HP: 69/77 MP: 12/12
 11291 | D:11     | Found a runed gate.
 11292 | D:11     | Found a runed gate.
 11293 | D:11     | Found a runed gate.
 11299 | D:11     | Reached skill level 10 in Fighting
 11396 | D:11     | Noticed verb's ghost (journeyman DrBe)
 11576 | D:11     | Killed verb's ghost
 11669 | D:12     | Received a gift from Trog
 11744 | D:12     | Found a flagged portal.
 11840 | Bailey   | Entered a bailey
 11937 | Bailey   | Reached skill level 10 in Armour
 11972 | D:12     | HP: 3/117 [deep elf mage/bolt of magma (3)]
 12594 | D:12     | Reached skill level 13 in Unarmed Combat
 12752 | D:12     | Noticed a three-headed hydra
 12764 | D:12     | Killed a three-headed hydra
 13125 | Lair:1   | Entered Level 1 of the Lair of Beasts
 13125 | Lair:1   | Found a labyrinth entrance.
 13128 | Lair:1   | Found a sacrificial altar of Ru.
 13312 | Lair:1   | Reached XP level 13. HP: 44/84 MP: 13/13
 13676 | Lair:1   | Received a gift from Trog
 14616 | Lair:2   | Reached skill level 14 in Unarmed Combat
 14970 | Lair:2   | Found a hole to the Spider Nest.
 15937 | Lair:3   | Found a staircase to the Swamp.
 16364 | Lair:4   | Gained mutation: Your large and strong wings let you fly
                  | indefinitely. [Gargoyle growth]
 16364 | Lair:4   | Reached XP level 14. HP: 92/92 MP: 14/14
 16993 | Lair:5   | Noticed Urug
 17023 | Lair:5   | Reached skill level 15 in Unarmed Combat
 17057 | Lair:5   | Killed Urug
 17179 | Lair:5   | Found a runed door.
 17179 | Lair:5   | Found a shimmering altar of Xom.
 17179 | Lair:5   | Noticed Tioxzy's ghost (journeyman DEEE)
 17430 | Lair:5   | Killed Tioxzy's ghost
 17483 | Lair:6   | Entered Level 6 of the Lair of Beasts
 17483 | Lair:6   | Found a staircase to the Slime Pits.
 17483 | Lair:6   | Found a viscous altar of Jiyva.
 17707 | Lair:6   | Reached ****** piety under Trog
 18050 | Lair:6   | Received a gift from Trog
 18050 | Lair:6   | Reached skill level 10 in Dodging
 18636 | Lair:6   | Reached skill level 16 in Unarmed Combat
 18636 | Lair:6   | Reached XP level 15. HP: 95/97 MP: 15/15
 18885 | Lair:6   | Found a runed door.
 19648 | Orc:1    | Entered Level 1 of the Orcish Mines
 19660 | Orc:1    | Found a burning altar of Makhleb.
 19674 | Orc:1    | Paralysed by an orc sorcerer for 4 turns
 19688 | D:10     | Received a gift from Trog
 19787 | Orc:1    | Found a frozen archway.
 19806 | IceCv    | Entered an ice cave
 20561 | Orc:2    | Entered Level 2 of the Orcish Mines
 20751 | Orc:2    | Noticed an orc warlord
 20801 | Orc:1    | Killed an orc warlord
 20859 | Orc:1    | Received a gift from Trog
 20962 | Orc:2    | Found a staircase to the Elven Halls.
 21141 | Orc:2    | Found a roughly hewn altar of Beogh.
 21146 | Orc:2    | Found Orre Lew's General Store.
 21163 | Orc:2    | Bought a scroll of identify for 22 gold pieces
 21171 | Orc:2    | Found Plog's Antique Armour Shoppe.
 21179 | Orc:2    | Bought the +0 mask of the Dragon {MR+ Slay+3 SInv} for 1202
                  | gold pieces
 21179 | Orc:2    | Found the +0 mask of the Dragon {MR+ Slay+3 SInv}
 21244 | Orc:2    | Found Tawah's Magic Scroll Shop.
 21249 | Orc:2    | Noticed an orc warlord
 21337 | Orc:1    | Killed an orc warlord
 21632 | D:3      | Got a faintly humming helmet
 21633 | D:3      | Identified the cursed +0 helmet of Maidgh {Dex+7} (You took
                  | it off Robin on level 3 of the Dungeon)
 22143 | Orc:2    | Found Fany's Jewellery Shoppe.
 22158 | Orc:2    | Found Suin's Antique Weapon Shoppe.
 22484 | D:13     | Reached skill level 17 in Unarmed Combat
 22735 | D:13     | Received a gift from Trog
 22764 | D:13     | Reached XP level 16. HP: 41/105 MP: 16/16
 22895 | D:13     | Found an opulent altar of Gozag.
 23264 | D:13     | Noticed Erolcha
 23279 | D:13     | Killed Erolcha
 23759 | D:14     | Found the cursed necklace of Bloodlust {*Rage +Rage MR++
                  | Int-3 Slay+6 *Curse}
 24081 | D:14     | Found a gate to the Vaults.
 24268 | D:14     | Received a gift from Trog
 24530 | D:15     | Entered Level 15 of the Dungeon
 24910 | D:15     | Found a staircase to the Depths.
 25325 | Swamp:1  | Entered Level 1 of the Swamp
 25329 | Swamp:1  | Noticed a thorn hunter
 25503 | Swamp:1  | Killed a thorn hunter
 25814 | Swamp:1  | Reached skill level 18 in Unarmed Combat
 25819 | Swamp:1  | Found the +6 shillelagh "Devastator" {shatter}
 25979 | Swamp:1  | Noticed a thorn hunter
 26007 | Swamp:1  | Killed a thorn hunter
 26492 | Swamp:2  | Reached XP level 17. HP: 112/112 MP: 17/17
 26714 | Swamp:2  | Received a gift from Trog
 27345 | Swamp:3  | Reached skill level 15 in Fighting
 27835 | Swamp:4  | Entered Level 4 of the Swamp
 27887 | Swamp:4  | Reached skill level 15 in Armour
 28075 | Swamp:4  | Received a gift from Trog
 28357 | Swamp:4  | Reached skill level 19 in Unarmed Combat
 28529 | Swamp:4  | Noticed a bone dragon
 28548 | Swamp:4  | Killed a bone dragon
 28620 | Swamp:4  | Got a decaying rune of Zot
 28873 | Spider:1 | Entered Level 1 of the Spider Nest
 29007 | Spider:1 | Reached XP level 18. HP: 103/119 MP: 18/18
 29089 | Spider:1 | Noticed Josephine
 29098 | Spider:1 | Killed Josephine
 29098 | Spider:1 | Received a gift from Trog
 30300 | Spider:2 | Identified a scroll of acquirement
 30491 | Orc:2    | Bought shiny gold dragon scales for 2988 gold pieces
 31313 | Spider:3 | Received a gift from Trog
 31553 | Spider:4 | Entered Level 4 of the Spider Nest
 32196 | Spider:3 | Reached skill level 20 in Unarmed Combat
 32217 | Spider:4 | Received a gift from Trog
 32358 | Spider:4 | Reached XP level 19. HP: 114/126 MP: 0/19
 32593 | Spider:4 | Noticed Roxanne
 32699 | Spider:4 | Got a gossamer rune of Zot
 33086 | Elf:1    | Entered Level 1 of the Elven Halls
 33160 | Elf:1    | Received a gift from Trog
 33192 | Elf:1    | Noticed Agnes
 33206 | Elf:1    | Killed Agnes
 33462 | Elf:1    | Noticed Asterion
 33483 | Elf:1    | Killed Asterion
 34380 | Elf:2    | Found a runed gate.
 34380 | Elf:2    | Found a runed gate.
 34381 | Elf:2    | Found a runed gate.
 34736 | Elf:2    | Received a gift from Trog
 35502 | Elf:3    | Entered Level 3 of the Elven Halls
 35880 | Elf:3    | Reached skill level 21 in Unarmed Combat
 35916 | Elf:3    | Noticed an Ice Fiend
 36164 | Elf:3    | Reached XP level 20. HP: 120/134 MP: 20/20
 36809 | Vaults:1 | Entered Level 1 of the Vaults
 36930 | Vaults:1 | Received a gift from Trog
 38159 | Vaults:2 | Received a gift from Trog
 38203 | Vaults:2 | Received a gift from Trog
 38412 | Vaults:2 | Found a staircase to the Crypt.
 38849 | Vaults:2 | Received a gift from Trog
 39223 | Vaults:2 | Reached XP level 21. HP: 126/140 MP: 21/21
 39261 | Vaults:2 | Reached skill level 22 in Unarmed Combat
 39736 | Vaults:2 | Found a runed door.
 39736 | Vaults:2 | Noticed Goblin1989's ghost (adept DDFi)
 39966 | Vaults:2 | Killed Goblin1989's ghost
 40015 | Vaults:3 | Found a ruined gateway.
 40024 | Desolati | Entered the Desolation of Salt
 40115 | Desolati | Received a gift from Trog
 40426 | Desolati | Identified the Handbook of Protection and Darkness
 40439 | Desolati | Identified the Grimoire of Ignition and Transmigration
 40537 | Desolati | Got a twitching tin ring
 40539 | Desolati | Got a bronze ring mail
 40541 | Desolati | Identified the +1 ring mail "Opax" {rF- rCorr Int+3} (You
                  | found it in the Desolation of Salt)
 40543 | Desolati | Identified the ring of Koryeli {rC++ Dex+4} (You found it
                  | in the Desolation of Salt)
 40926 | Vaults:3 | Received a gift from Trog
 41650 | Vaults:3 | Received a gift from Trog
 42056 | Vaults:4 | Noticed Frederick
 42077 | Vaults:4 | Reached XP level 22. HP: 138/148 MP: 22/22
 42923 | Vaults:4 | Killed Frederick
 42923 | Vaults:4 | Received a gift from Trog
 42923 | Vaults:4 | Reached skill level 23 in Unarmed Combat
 43102 | Vaults:4 | Reached skill level 15 in Dodging
 43367 | Vaults:4 | Found a roughly hewn altar of Beogh.
 43749 | Vaults:4 | Received a gift from Trog
 44412 | Vaults:5 | Entered Level 5 of the Vaults
 44424 | Vaults:5 | Noticed Margery
 44463 | Vaults:4 | Killed Margery
 45231 | Vaults:5 | Got a silver rune of Zot
 45236 | Vaults:5 | Noticed an ancient lich
 45243 | Vaults:5 | Killed an ancient lich
 45243 | Vaults:5 | Reached XP level 23. HP: 142/155 MP: 23/23
 45268 | Vaults:5 | Found Syqydghu's Food Shop.
 45272 | Vaults:5 | Bought a ration for 60 gold pieces
 45272 | Vaults:5 | Bought a ration for 60 gold pieces
 45272 | Vaults:5 | Bought a ration for 60 gold pieces
 45272 | Vaults:5 | Bought a ration for 60 gold pieces
 45272 | Vaults:5 | Bought a ration for 60 gold pieces
 45272 | Vaults:5 | Bought a ration for 60 gold pieces
 45272 | Vaults:5 | Bought a ration for 60 gold pieces
 45272 | Vaults:5 | Bought a ration for 60 gold pieces
 45272 | Vaults:5 | Bought a ration for 60 gold pieces
 45272 | Vaults:5 | Bought a ration for 60 gold pieces
 45272 | Vaults:5 | Bought a ration for 60 gold pieces
 45272 | Vaults:5 | Bought a ration for 60 gold pieces
 45272 | Vaults:5 | Bought a ration for 60 gold pieces
 45312 | Vaults:5 | Found Doohij's Distillery.
 45340 | Vaults:5 | Received a gift from Trog
 45568 | Vaults:5 | Bought a potion of curing for 45 gold pieces
 45568 | Vaults:5 | Bought a potion of agility for 60 gold pieces
 45568 | Vaults:5 | Bought a potion of might for 60 gold pieces
 45672 | Vaults:5 | Received a gift from Trog
 46004 | Vaults:5 | Found Kimekus's Antique Armour Boutique.
 46184 | Vaults:5 | Reached skill level 24 in Unarmed Combat
 46185 | Vaults:5 | Noticed an ancient lich
 46201 | Vaults:5 | Killed an ancient lich
 46517 | Vaults:5 | Got a steaming jade ring
 46649 | Vaults:5 | Got a warped plate armour
 46650 | Vaults:5 | Identified the ring of Hauklo {Dex+6 SInv} (You found it on
                  | level 5 of the Vaults)
 46653 | Vaults:5 | Identified the +10 plate armour "Hukkuzxanwu" {*Corrode rF+
                  | Int+7 Stlth+} (You found it on level 5 of the Vaults)
 47065 | Vaults:5 | Found Xontuefi's Distillery.
 47069 | Vaults:5 | Bought a potion of agility for 80 gold pieces
 47069 | Vaults:5 | Bought a potion of curing for 60 gold pieces
 47069 | Vaults:5 | Bought a potion of haste for 200 gold pieces
 47069 | Vaults:5 | Bought a potion of agility for 80 gold pieces
 47069 | Vaults:5 | Bought a potion of haste for 200 gold pieces
 47183 | Vaults:5 | Received a gift from Trog
 47435 | Depths:1 | Entered Level 1 of the Depths
 47479 | Depths:1 | Found Qeg Vyf's Antique Armour Emporium.
 47484 | Depths:1 | Found Ucor's Antique Armour Emporium.
 47491 | Depths:1 | Bought a glowing scarf for 344 gold pieces
 47519 | Depths:1 | Found Yclunkak's Island Escapes.
 48202 | Depths:1 | Reached XP level 24. HP: 162/162 MP: 23/23
 48209 | Depths:1 | Found a gateway to Hell.
 48424 | Depths:2 | Got a scorched plate armour
 48425 | Depths:2 | Identified the +6 plate armour of Apacvira {MP+9 Int+4
                  | Dex+3} (You found it on level 2 of the Depths)
 48711 | Depths:2 | Received a gift from Trog
 49658 | Depths:3 | Received a gift from Trog
 49984 | Depths:3 | Reached skill level 25 in Unarmed Combat
 50209 | Depths:3 | Found Aloenn's Armour Emporium.
 50237 | Depths:3 | Gained mutation: Armour fits poorly on your strangely
                  | shaped body. [a neqoxec]
 50739 | Depths:3 | Found a one-way gate leading to the halls of Pandemonium.
 50863 | Depths:4 | Found a runed gate.
 50863 | Depths:4 | Found a runed gate.
 50863 | Depths:4 | Found a runed gate.
 50863 | Depths:4 | Found a runed gate.
 50863 | Depths:4 | Found a runed gate.
 50863 | Depths:4 | Found a runed gate.
 50864 | Depths:4 | Found the +2 Maxwell's thermic engine {flame, freeze}
 50894 | Depths:4 | Found Epuer's Assorted Antiques.
 50933 | Depths:4 | Received a gift from Trog
 50939 | Depths:4 | Got an ichor-stained scale mail
 50940 | Depths:4 | Identified the +6 scale mail of Unreason {rF++ rN+++ Dex+3
                  | Stlth-} (You found it on level 4 of the Depths)
 50948 | Depths:4 | Bought a ring of slaying for 72 gold pieces
 50964 | Depths:4 | Reached XP level 25. HP: 158/169 MP: 23/23
 51007 | Depths:4 | Found a viscous altar of Jiyva.
 51031 | Depths:4 | HP: 7/169 [acid (17)]
 51032 | Depths:4 | Splashed by an acid blob's acid

Skill      XL: |  1  2  3  4  5  6  7  8  9 10 11 12 13 14 15 16 17 18 19 20 21 22 23 24 |
---------------+-------------------------------------------------------------------------+-----
Dodging        | 2 3 4 5 6 7 8 9 10 11 12 13 14 15 16 | 16.6
Armour         | 3 4 5 7 8 9 10 11 12 13 14 15 16 17 18 19 20 | 20.6
Unarmed Combat | 4 5 6 7 9 10 12 13 14 16 17 18 19 20 21 22 23 24 25 | 25.3
Fighting       | 4 5 6 7 8 9 11 12 13 14 15 16 17 18 19 20 | 20.7

Action                   |  1- 3 |  4- 6 |  7- 9 | 10-12 | 13-15 | 16-18 | 19-21 | 22-24 | 25-27 || total
-------------------------+-------+-------+-------+-------+-------+-------+-------+-------+-------++-------
Melee: Unarmed           |   163 |   303 |   475 |   914 |  1607 |  1543 |  1512 |  1523 |    49 ||  8089
       Punch             |     3 |     1 |    10 |    45 |   127 |   166 |   188 |   207 |    10 ||   757
Invok: Berserk           |     1 |       |     5 |     4 |     4 |     2 |     2 |     2 |       ||    20
       Trog's Hand       |       |     1 |     3 |     3 |     5 |     4 |     7 |     6 |       ||    29
       Brothers in Arms  |       |       |       |       |       |       |     4 |     3 |       ||     7
 Abil: Fly               |       |       |       |       |     1 |       |       |       |       ||     1
Evoke: Wand              |       |       |       |     8 |     1 |       |       |     1 |       ||    10
  Use: Scroll            |     4 |     5 |     4 |    10 |    12 |    13 |    10 |    16 |       ||    74
       Potion            |       |       |       |       |       |     4 |     2 |     3 |       ||     9
 Stab: Invisible         |       |       |       |     2 |       |       |       |       |       ||     2
       Distracted        |       |       |       |       |       |       |     1 |     1 |       ||     2
       Confused          |       |       |       |       |       |       |       |     1 |       ||     1
  Eat: Chunk             |     4 |     7 |    13 |    21 |    35 |    30 |    27 |    31 |       ||   168
       Ration            |       |       |     1 |     2 |     1 |     2 |     3 |     1 |       ||    10
Armor: Animal skin       |    18 |       |       |       |       |       |       |       |       ||    18
       Scale mail        |     4 |       |       |       |       |       |       |       |       ||     4
       Leather armour    |    32 |     1 |       |       |       |       |       |       |       ||    33
       Plate armour      |       |   167 |   346 |   650 |   867 |   677 |       |       |       ||  2707
       Skin              |       |       |       |     1 |       |       |       |       |       ||     1
       Gold dragon scale |       |       |       |       |       |   513 |   773 |   974 |    29 ||  2289
Dodge: Dodged            |    89 |    78 |   211 |   466 |  1043 |  1300 |   881 |  1132 |    38 ||  5238
